 Dungeon Crawl Stone Soup version 0.30-a0-1-g69b7b797bf (webtiles) character file.

Game seed: 1766269318034296644

102 Kinoniko the Chopper (level 4, 0/39 HPs)
             Began as a Hill Orc Monk on Aug 19, 2022.
             Slain by a gnoll
             ... wielding a +0 whip
              (5 damage)
             ... on level 2 of the Dungeon.
             The game lasted 00:01:30 (2909 turns).

Kinoniko the Chopper (Hill Orc Monk)                Turns: 2909, Time: 00:01:31

Health: 0/39       AC:  3    Str: 15    XL:     4   Next: 78%
Magic:  4/4        EV: 12    Int: 10    God:
Gold:   108        SH:  0    Dex: 13    Spells: 3/3 levels left

rFire   . . .      SeeInvis .    a - +0 hand axe
rCold   . . .      Faith    .    (no shield)
rNeg    . . .      Spirit   .    g - +0 leather armour
rPois   .          Reflect  .    i - +0 hat
rElec   .          Harm     .    (no cloak)
rCorr   .          Rampage  .    (no gloves)
Will    .....                    (no boots)
Stlth   ++........               (no amulet)
HPRegen 0.13/turn                (no ring)
MPRegen 0.09/turn                (no ring)

@: invisible
A: no striking features
a: no special abilities


You were on level 2 of the Dungeon.
You visited 1 branch of the dungeon, and saw 2 of its levels.

You collected 108 gold pieces.

Inventory:

Hand Weapons
 a - a +0 hand axe (weapon)
Armour
 b - a +0 robe
 g - a +0 leather armour (worn)
 i - a +0 hat (worn)
Scrolls
 d - 3 scrolls of identify {unknown}
 f - 2 scrolls of blinking {unknown}
 j - a scroll of fog {unknown}
 k - a scroll of enchant weapon {unknown}
Potions
 e - a potion of invisibility
 h - a potion of heal wounds {unknown}
 l - a potion of lignification {unknown}


   Skills:
 - Level 3.6 Fighting
 * Level 7.1 Axes
 - Level 2.4 Dodging
 - Level 1.5 Stealth


You had 3 spell levels left.
You didn't know any spells.
Your spell library contained the following spells:

 Spells                   Type           Power      Damage    Failure   Level
 Poisonous Vapours        Pois/Air       0%         N/A       56%         2
 Corpse Rot               Necr/Pois/Air  0%         N/A       99%         4


Dungeon Overview and Level Annotations

Branches:
Dungeon (2/15)

Altars:

Annotations:
D:1 2 transporters


Message History

The gnoll is moderately wounded.
The gnoll barely misses you.
You hit the gnoll but do no damage.
The gnoll is moderately wounded.
The gnoll hits you with a +0 club.
You strike the helpless gnoll from behind!
You hit the gnoll.
The gnoll is heavily wounded.
The gnoll barely misses you.
You hit the gnoll.
The gnoll is almost dead.
The gnoll hits you with a +0 club!
You closely miss the gnoll.
The gnoll is almost dead.
The gnoll hits you with a +0 club.
You hit the gnoll but do no damage.
The gnoll is almost dead.
The gnoll completely misses you.
Unknown command.
You barely miss the gnoll.
The gnoll is almost dead.
The gnoll misses you.
Unknown command.
You slash the gnoll!
You kill the gnoll!
Your Axes skill increases to level 7!
Unknown command.
You hit the gnoll but do no damage. The gnoll barely misses you.
You slash the gnoll!
The gnoll is heavily wounded.
The gnoll hits you with a +0 whip!
* * * LOW HITPOINT WARNING * * *
You barely miss the gnoll.
The gnoll is heavily wounded.
The gnoll closely misses you.
Unknown command.
You hit the gnoll.
The gnoll is severely wounded.
The gnoll hits you with a +0 whip.
You die...

..†#.# #.# ###..#
#.# ##..## #.#
...## #.# .### ###
#.# ## #<# #.# #.#
#)# ###### #.# #g#
.....######.# #@#
####........# #.#
################.#
.................#
##################
###.#....#
....#.##.#
###.#..#.#
..)....#.#


You could see a gnoll (unable to see you).

Vanquished Creatures
  3 gnolls (D:2)
  3 adders (D:2)
  4 ball pythons
  5 bats
  3 endoplasms
  2 giant cockroaches (D:1)
  3 goblins (D:1)
  2 hobgoblins
  4 jackals (D:2)
  A quokka (D:1)
  A frilled lizard (D:2)
  10 kobolds
  7 rats
48 creatures vanquished.

Notes
Turn   | Place    | Note
-------+----------+-------------------------------------------
     0 | D:1      | Kinoniko the Hill Orc Monk began the quest for the Orb.
     0 | D:1      | Reached XP level 1. HP: 19/19 MP: 1/1
    53 | D:1      | Found a faded altar of an unknown god.
   213 | D:1      | Reached XP level 2. HP: 23/26 MP: 2/2
   598 | D:1      | Reached skill level 5 in Axes
  1188 | D:1      | Reached XP level 3. HP: 31/31 MP: 3/3
  1699 | D:2      | Reached skill level 6 in Axes
  1771 | D:2      | Reached XP level 4. HP: 15/39 MP: 4/4
  2906 | D:2      | Reached skill level 7 in Axes
  2909 | D:2      | Slain by a gnoll

Illustrated notes

Levels and vault maps discovered:
D:1:      spicycebolla_arrival_transporter_tutorial, layout_basic,
          basic_ecumenical_altar, hex_large, bh_walls_and_bars
D:2:      layout_basic, minmay_randomly_rotated_circles

Skill      XL: |  1  2  3  4 |
---------------+-------------+-----
Axes           | 5 6 7 |  7.1
Fighting       | |  3.6
Dodging        | |  2.4
Stealth        | |  1.5

Action                   |  1- 3 |  4- 6 || total
-------------------------+-------+-------++-------
Melee: Hand axe          |    88 |    53 ||   141
  Use: Potion            |       |     2 ||     2
 Stab: Sleeping          |     2 |     1 ||     3
       Invisible         |       |     2 ||     2
Armor: Robe              |     5 |       ||     5
       Leather armour    |    20 |     9 ||    29
Dodge: Dodged            |    65 |    33 ||    98

Table legend: (Time is in decaauts)
 A = Elapsed time spent in this place.
 B = Non-inter-level travel time spent in this place.
 C = Inter-level travel time spent in this place.
 D = Time resting spent in this place.
 E = Time spent auto-exploring this place.
 F = Levels seen in this place.
 G = Mean time per level.
                   A        B        C        D        E       F      G
               +--------+--------+--------+--------+--------+-----+--------+
         Total |   2911 |   2868 |     43 |    308 |   2230 |   2 | 1455.5 |
       Dungeon |   2911 |   2868 |     43 |    308 |   2230 |   2 | 1455.5 |
               +--------+--------+--------+--------+--------+-----+--------+

Top non-repeatable levels by time:
     D:1: 1600 daAuts
     D:2: 1310 daAuts
